AoeStats
← Jeffrey

Black Forest

505381816Analyzed
4v4 RM · 24d ago on Sep 9, 2026· 12m 59s· 8 players
Game mode
Random Map
Map size
Large (8 player)
Population
200
Speed
Normal
Resources
Standard
Victory
Conquest
Starting age
Dark Age
Ending age
Imperial Age
RankedLock teamsTeams togetherTeam positionsShared explorationLock speedFull tech treeHidden civsTurbo modeCheats
Victory
Defeat
🇳🇿 Persians · New Zealand
820
+14
🇲🇽 Romans · Mexico
805
+14
799
+14
🇺🇸 Vietnamese · United States
791
+15
🇦🇷 Britons · Argentina
870
-19
🇦🇺 Celts · Australia
789
-15
🇨🇦 Sicilians · Canada
714
-12
🇨🇦 Turks · Canada
694
-11
QuiquisFreak
0:27 Loom
13:52 Feudal Age
BasicOrc4106
1:47 Loom
China No. 1 in the world谢曹
0:43 Loom
12:52 Feudal Age
Foami
12:04 Feudal Age
Jeffrey
CastNowski
0:27 Loom
13:42 Feudal Age
Lt Cmdr Data Mikokol
0:31 Loom
General
1:27 Loom
12:16 Feudal Age
Connection lost

Rejoining the realm…

Still unreachable

The connection could not be restored.

Session expired

The server has moved on; the page needs a fresh start.